Map: Muro dorado EE

Players

LILMAN - Winner!

  • Race: Zerg Zerg
  • League: Gold
  • Spawn Location: 7:00

MrFercho

  • Race: Zerg Zerg
  • League: Gold
  • Spawn Location: 5:00

VOD

Have the link to the VOD?

Description

Time

  • Played on: July 24, 2020, 6:22 p.m.
  • Length: 21:22
Show
View Real Time Build Order
Export as new Build Order

LILMAN Zerg - Winner!

Build Orders: Pool First 

Get SALT Encoding   

  12  0:10  Overlord  
  12  0:16  Drone  
  12  0:17  Drone  
  14  0:36  Spawning Pool  
  14  0:38  Drone  
  14  0:42  Drone  
  15  0:45  Drone  
  16  0:55  Drone  
  17  1:23  Hatchery  
  16  1:32  Queen  
  18  1:42  Extractor, Drone x3  
  20  1:54  Overlord  
  20  2:21  Drone x2  
  22  2:38  Drone x2  
  22  2:39  Drone  
  22  2:41  Metabolic Boost  
  25  2:52  Queen x2  
  29  3:01  Zergling x6  
  29  3:02  Zergling x2  
  31  3:28  Zergling x4  
  31  3:29  Zergling x4  
  34  3:42  Drone x2  
  34  3:47  Overlord x2  
  36  3:52  Lair  
  36  4:02  Extractor, Overlord  
  35  4:04  Hatchery  
  34  4:19  Drone  
  34  4:20  Drone x2  
  34  4:21  Extractor  
  34  4:23  Drone x5  
  41  4:35  Drone x2  
  43  4:43  Drone  
  43  4:44  Drone  
  43  4:45  Drone  
  46  4:57  Spire  
  45  5:00  Drone x4  
  45  5:01  Drone x3  
  52  5:17  Overlord x2  
  52  5:19  Extractor  
  51  5:43  Drone x2  
  51  5:44  Drone  
  51  5:47  Extractor  
  53  5:54  Evolution Chamber  
  53  5:55  Evolution Chamber  
  53  5:56  Evolution Chamber  
  50  6:08  Mutalisk x4  
  50  6:09  Mutalisk x3  
  64  6:25  Spine Crawler  
  63  6:32  Mutalisk x2  
  63  6:38  Zerg Flyer Weapons Level 1  
  63  6:39  Zergling x10  
  73  6:40  Zergling x6  
  73  6:47  Drone x2  
  76  6:51  Zerg Ground Armor Level 1  
  76  6:54  Zergling x10  
  82  7:20  Overlord  
  82  7:21  Overlord x7  
  82  7:22  Overlord  
  70  8:00  Mutalisk x3  
  70  8:01  Mutalisk x6  
  88  8:12  Mutalisk  
  90  8:13  Mutalisk  
  92  8:26  Mutalisk  
  94  8:27  Mutalisk  
  70  9:11  Overseer  
  70  9:14  Mutalisk x4  
  70  9:15  Mutalisk  
  80  9:21  Drone  
  80  9:22  Drone x3  
  71  10:02  Mutalisk  
  71  10:03  Mutalisk x6  
  85  10:20  Zergling x2  
  85  10:21  Zergling x8  
  88  10:31  Drone x3  
  91  10:39  Zerg Ground Armor Level 2  
  91  10:40  Zerg Melee Weapons Level 1  
  91  10:41  Zerg Missile Weapons Level 1  
  91  10:42  Hatchery  
  90  10:50  Hatchery  
  85  11:09  Lair  
  84  11:16  Mutalisk  
  84  11:17  Mutalisk x4  
  94  11:20  Drone x2  
  94  11:21  Drone x2  
  92  12:09  Mutalisk x3  
  92  12:10  Mutalisk x4  
  106  12:17  Drone  
  106  12:18  Baneling Nest, Drone x4  
  110  12:23  Drone x3  
  110  12:28  Mutalisk  
  110  12:29  Mutalisk  
  117  12:30  Zergling x2  
  117  12:31  Zergling x2  
  119  12:54  Zergling x2  
  119  12:55  Zergling x14  
  119  12:56  Zergling x10  
  132  13:01  Overseer x2  
  78  13:14  Zergling x6  
  78  13:17  Baneling  
  78  13:18  Baneling x18  
  78  13:19  Baneling x4  
  78  13:23  Zergling x2  
  78  13:24  Zergling x16  
  77  13:44  Zergling x14  
  77  13:45  Zergling x4  
  82  13:49  Zergling x6  
  83  13:59  Zergling x6  
  84  14:18  Drone x2, Mutalisk  
  84  14:19  Mutalisk x7  
  84  14:22  Zergling x4  
  84  14:23  Zergling x2  
  99  14:37  Zergling x2  
  99  14:38  Zergling x10  
  94  14:47  Baneling  
  94  14:48  Baneling x17  
  94  14:57  Drone x3  
  97  15:00  Drone  
  97  15:01  Drone x7  
  105  15:09  Extractor x2  
  103  15:19  Extractor  
  103  15:20  Baneling  
  103  15:21  Baneling x11  
  102  15:22  Drone x4  
  102  15:23  Extractor, Hatchery, Drone x5  
  109  15:35  Zerg Missile Weapons Level 2, Zerg Melee Weapons Level 2  
  109  15:44  Infestation Pit  
  109  15:49  Zerg Flyer Armor Level 1  
  108  16:04  Drone  
  94  16:34  Zergling x2  
  94  16:35  Zergling x28  
  107  16:54  Zergling x8  
  108  16:57  Baneling  
  108  16:58  Baneling x16  
  108  16:59  Baneling x7  
  104  17:06  Zergling x8  
  85  17:31  Zergling x14  
  85  17:32  Zergling x10  
  85  17:36  Hive  
  97  17:37  Centrifical Hooks  
  97  17:43  Zerg Flyer Weapons Level 2  
  97  17:47  Zergling x8  
  101  17:54  Overseer  
  101  17:57  Overlord x4  
  100  18:13  Zergling x4  
  100  18:14  Zergling x4  
  100  18:17  Mutalisk  
  100  18:18  Mutalisk x3  
  112  18:22  Baneling  
  112  18:23  Baneling x29  
  112  18:24  Baneling x10  
  112  18:36  Drone  
  112  18:37  Drone x7  
  120  18:59  Extractor  
  120  19:00  Extractor  
  120  19:01  Zergling x14  
  120  19:02  Zergling x2  
  126  19:03  Adrenal Glands  
  126  19:08  Zergling x2  
  126  19:09  Zergling x6, Hatchery x2  
  128  19:18  Mutalisk x3  
  134  19:26  Zergling x2  
  135  19:41  Mutalisk  
  135  19:42  Mutalisk x4  
  145  19:49  Overlord x2  
  145  19:50  Overlord  
  145  20:14  Zergling x24  
  146  20:16  Hatchery  
  156  20:27  Hatchery  
  155  20:29  Hatchery  
Show
View Real Time Build Order
Export as new Build Order

MrFercho Zerg 

Build Orders: Hatch First 

Get SALT Encoding   

  12  0:01  Drone  
  13  0:13  Overlord  
  13  0:17  Drone  
  14  0:31  Drone x2  
  16  0:52  Drone  
  16  0:53  Hatchery  
  16  0:55  Drone  
  17  1:00  Drone  
  18  1:05  Extractor  
  17  1:15  Spawning Pool  
  17  1:18  Drone  
  17  1:21  Drone  
  18  1:29  Drone  
  19  1:42  Drone  
  20  1:54  Overlord  
  20  2:03  Drone  
  20  2:06  Queen x2  
  20  2:08  Overlord  
  25  2:17  Metabolic Boost  
  25  2:19  Zergling x2  
  25  2:20  Zergling x2  
  27  2:33  Zergling x4  
  29  2:45  Overlord x2  
  29  3:02  Drone x4  
  33  3:15  Drone x2  
  36  3:27  Drone x5  
  39  3:38  Zergling x4  
  38  3:46  Queen, Roach Warren  
  38  3:47  Drone  
  40  3:53  Evolution Chamber  
  39  3:58  Evolution Chamber  
  38  4:17  Drone x2  
  38  4:18  Drone x4  
  38  4:21  Zerg Missile Weapons Level 1  
  44  4:30  Lair  
  44  4:32  Roach x2  
  44  4:33  Roach x2  
  44  4:36  Extractor  
  44  4:37  Extractor  
  50  4:46  Drone x2  
  50  4:48  Overlord x3  
  52  5:08  Drone x3  
  52  5:10  Drone x2  
  57  5:16  Roach x4  
  65  5:27  Hatchery  
  64  5:30  Glial Reconstitution  
  64  5:33  Zergling x2, Roach  
  69  5:35  Roach  
  69  5:36  Roach x3  
  69  5:38  Overlord x2  
  75  5:43  Drone  
  76  6:00  Zerg Ground Armor Level 1  
  76  6:06  Roach x4  
  76  6:10  Zergling x10  
  89  6:29  Nydus Network  
  89  6:30  Drone x4  
  89  6:31  Overlord x3  
  92  6:48  Overlord x2  
  92  6:53  Drone x7  
  99  7:03  Extractor, Drone x3  
  99  7:08  Zerg Missile Weapons Level 2  
  101  7:18  Spore Crawler x2  
  101  7:19  Spore Crawler  
  101  7:20  Overseer  
  101  7:21  Spore Crawler  
  97  7:25  Spore Crawler  
  96  7:32  Ravager x3  
  96  7:33  Ravager x2  
  83  7:57  Zerg Ground Armor Level 2  
  82  8:24  Drone x2  
  82  8:25  Drone  
  85  8:40  Hatchery  
  84  8:46  Spore Crawler  
  83  9:14  Drone  
  83  9:15  Drone  
  83  9:16  Hydralisk Den  
  84  9:40  Drone  
  78  10:08  Roach x8  
  78  10:12  Muscular Augments  
  78  10:13  Overlord  
  78  10:14  Overlord x2  
  84  10:19  Pneumatized Carapace  
  84  10:25  Spore Crawler  
  84  10:26  Spore Crawler  
  82  10:33  Hydralisk x4  
  90  10:47  Hydralisk x2  
  90  10:48  Hydralisk x3  
  98  10:59  Hydralisk x2  
  72  11:24  Grooved Spines  
  72  11:28  Hydralisk x7  
  72  11:29  Infestation Pit  
  82  11:43  Hatchery  
  79  11:59  Hydralisk x6  
  87  12:13  Hydralisk x5  
  97  12:29  Hive  
  97  12:31  Hatchery  
  97  12:32  Hatchery  
  95  12:40  Hydralisk x2  
  99  12:59  Hydralisk  
  99  13:00  Hydralisk  
  89  13:23  Hydralisk x3  
  48  13:57  Hydralisk  
  48  13:58  Hydralisk x7  
  60  14:18  Hydralisk x7  
  54  14:44  Lurker Den  
  50  14:49  Zerg Missile Weapons Level 3, Zerg Ground Armor Level 3  
  50  14:52  Drone  
  51  14:53  Drone x6  
  51  14:54  Drone  
  51  14:57  Drone x3  
  51  14:59  Drone x3  
  64  15:02  Drone x2  
  64  15:06  Zergling x6  
  64  15:07  Zergling x20  
  79  15:39  Hatchery  
  78  15:52  Lurker  
  78  15:53  Lurker  
  64  16:45  Zergling x2  
  64  16:46  Zergling x18  
  29  17:30  Hydralisk  
  29  17:31  Hydralisk x6  
Tags
 
League
GoldGold
Matchup
ZvZ
Race
Zerg
Replay Pack
MrFercho
Spawn Locations
Close Positions
Add a new tag
Caveats
  • Supply blocks, unpowered buildings, or Contaminate may cause inaccurate times.
  • Supply counts are checked every 10 seconds.